 Dungeon Crawl Stone Soup version 0.19.1 (webtiles) character file.

688 Firecrotchwizard the Skirmisher (level 7, -4/96 HPs)
             Began as a Hill Orc Fighter on Nov 27, 2016.
             Slain by an orc
             ... wielding a +0 club
              (5 damage)
             ... on level 4 of the Dungeon.
             The game lasted 00:09:36 (4662 turns).

Firecrotchwizard the Skirmisher (Hill Orc Fighter)  Turns: 4662, Time: 00:09:37

Health: -4/96      AC: 11    Str: 25    XL:     7   Next: 63%
Magic:  7/7        EV:  6    Int:  8    God:
Gold:   348        SH: 10    Dex: 11    Spells: 0 memorised, 6 levels left

rFire  . . .     SeeInvis .     a - +1 flail
rCold  . . .     Gourm    .     B - +0 chain mail
rNeg   . . .     Faith    .     c - +0 shield
rPois  .         Spirit   .     (no helmet)
rElec  .         Reflect  .     l - +1 cloak
rCorr  .         Harm     .     (no gloves)
MR     .....                    (no boots)
Stlth  ..........               (no amulet)
                                o - ring of wizardry (curse)
                                y - ring of flight

@: berserking, very quick
A: no striking features
a: Evoke Flight


You were on level 4 of the Dungeon.
You were not hungry.

You visited 1 branch of the dungeon, and saw 4 of its levels.

You collected 348 gold pieces.

Inventory:

Hand Weapons
 a - a +1 flail (weapon)
Missiles
 z - a throwing net (quivered)
Armour
 b - a +0 scale mail
 c - a +0 shield (worn)
 l - a +1 cloak (worn)
 B - a +0 chain mail (worn)
Jewellery
 o - a cursed ring of wizardry (right hand)
 x - an uncursed ring of ice
 y - a ring of flight (left hand)
Wands
 v - a wand of flame (20/48)
 w - a wand of flame (48/48)
Scrolls
 e - a scroll of enchant armour
 g - 7 scrolls of identify
 k - 2 scrolls of enchant weapon
 m - a scroll of teleportation
 A - a scroll of fog
Potions
 d - 2 potions of might
 h - a potion of cancellation {unknown}
 i - 2 potions of brilliance {unknown}
 j - 2 potions of curing {unknown}
 q - 2 potions of magic {unknown}
 r - 3 potions of flight
 t - 2 potions of berserk rage
 u - 2 potions of invisibility {unknown}
Comestibles
 f - 4 bread rations
 n - 2 meat rations
 p - 2 fruits


   Skills:
 * Level 6.5 Fighting
 * Level 6.0 Maces & Flails
 + Level 4.6 Armour
 + Level 4.5 Shields


You had 6 spell levels left.
You didn't know any spells.

Dungeon Overview and Level Annotations

Branches:
Dungeon (4/15)
 Temple: D:4-7

Altars:


Message History

The puff of flame hits you!
* * * LOW HITPOINT WARNING * * *
The orc hits you but does no damage. The orc barely misses you.
It was a potion of berserk rage.
A red film seems to cover your vision as you go berserk!
You feel yourself moving faster!
You feel mighty! The orc hits you but does no damage.
Something hits you but does no damage. The orc hits you.
* * * LOW HITPOINT WARNING * * *
The orc hits you with a club.
* * * LOW HITPOINT WARNING * * *
You closely miss something. The orc hits you with a dagger.
* * * LOW HITPOINT WARNING * * *
You block the orc's attack. Something hits you but does no damage.
You miss something. The orc completely misses you. The orc barely misses you.
You sock something!
Reactivating autopickup.
You feel a bit more experienced. You block the orc's attack.
The orc hits you with a club.
You die...

..#.####.................#
....# #.#...............#
....# #+#...###.........#
.#..# ....###.........#
.#..# ................+
.##.# ..................#
.##.#....................#
...>.....#####..o).......#
†##.............@o.......##
.++..............o........#
.##.............#.........#
..+.......................#
..#.......................#
..#.......................#
#.#####.....#.............#
#.#########.#.............#
#.......# #.#.###.........#


You could see 3 orcs.

Vanquished Creatures
  The ghost of supernewton the Changer, an amateur DrTm (D:4)
  A howler monkey (D:4)
  An orc priest (D:4)
  A hound (D:4)
  2 orc wizards (D:4)
  2 iguanas (D:4)
  2 worker ants (D:4)
  4 gnolls (D:3)
  A howler monkey skeleton (D:4)
  7 adders
  An ooze (D:4)
  3 worms
  3 dart slugs (D:1)
  4 leopard geckos
  10 orcs
  9 giant cockroaches
  4 hobgoblins
  8 jackals (D:1)
  2 quokkas
  8 bats
  7 frilled lizards
  11 goblins
  5 kobolds
  23 rats
120 creatures vanquished.

Notes
Turn   | Place    | Note
-------+----------+-------------------------------------------
     0 | D:1      | Firecrotchwizard the Hill Orc Fighter began the quest for the Orb.
     0 | D:1      | Reached XP level 1. HP: 19/19 MP: 1/1
   194 | D:1      | Reached XP level 2. HP: 15/27 MP: 2/2
   606 | D:1      | Reached XP level 3. HP: 30/33 MP: 3/3
  1463 | D:2      | Reached XP level 4. HP: 22/40 MP: 4/4
  2659 | D:3      | Reached XP level 5. HP: 25/47 MP: 5/5
  3882 | D:4      | Reached skill level 5 in Fighting
  3882 | D:4      | Reached XP level 6. HP: 14/56 MP: 6/6
  3941 | D:4      | Noticed supernewton's ghost (amateur DrTm)
  4398 | D:4      | Reached skill level 5 in Maces & Flails
  4480 | D:4      | Killed supernewton's ghost
  4480 | D:4      | Reached XP level 7. HP: 56/63 MP: 7/7
  4659 | D:4      | HP: 2/96 [orc/club (3)]
  4662 | D:4      | Slain by an orc

Skill      XL: |  1  2  3  4  5  6  7 |
---------------+----------------------+-----
Fighting       | 4 5 6 |  6.5
Maces & Flails | 3 4 5 6 |  6.0
Armour         | 4 |  4.6
Shields        | 4 |  4.5

Action                   |  1- 3 |  4- 6 |  7- 9 || total
-------------------------+-------+-------+-------++-------
Melee: Flail             |   141 |   318 |    42 ||   501
  Use: Scroll            |       |     7 |     2 ||     9
       Potion            |       |     1 |     1 ||     2
  Eat: Chunk             |     2 |     9 |     1 ||    12
       Fruit             |       |     1 |       ||     1
Armor: Scale mail        |    71 |   185 |     1 ||   257
       Chain mail        |       |       |    46 ||    46
Dodge: Dodged            |    51 |   122 |    21 ||   194
Block: Shield            |    86 |   198 |    33 ||   317
